 Seeded DCSS version 0.28-a0-1555-g9ae15a6949 (webtiles) character file.

Game seed: 62 (custom seed)

3881 knot the Cleaver (level 10, 61/70 HPs)
             Began as a Demonspawn Berserker on Jan 19, 2022.
             Was a Believer of Trog.
             Quit the game on level 8 of the Dungeon.
             The game lasted 00:09:20 (9428 turns).

knot the Cleaver (Demonspawn Berserker)             Turns: 9428, Time: 00:09:20

Health: 61/70      AC: 10    Str: 18    XL:     10   Next: 0%
Magic:  10/10      EV: 15    Int: 13    God:    Trog [**....]
Gold:   367        SH:  5    Dex: 12    Spells: 9/9 levels left

rFire   . . .      SeeInvis +   g - +0 battleaxe
rCold   . . .      Faith    .   (shield currently unavailable)
rNeg    . . .      Spirit   .   r - +0 ring mail
rPois   .          Reflect  +   (helmet unavailable)
rElec   .          Harm     .   j - +1 cloak
rCorr   .          Rampage  .   (no gloves)
Will    +....                   A - +0 pair of boots
Stlth   +.........              f - amulet of reflection
HPRegen 1.21/turn               e - ring of willpower
MPRegen 0.12/turn               m - +4 ring of evasion

@: no status effects
A: antennae 3, yellow scales 1, powered by death 2, demonic magic 1
a: Renounce Religion, Berserk, Trog's Hand


You were on level 8 of the Dungeon.
You worshipped Trog.
Trog was pleased with you.
You visited 1 branch of the dungeon, and saw 8 of its levels.

You collected 367 gold pieces.

Inventory:

Hand Weapons
 g - a +0 battleaxe (weapon)
Missiles
 c - 141 stones
 h - 2 boomerangs (quivered)
 n - 37 sling bullets
Armour
 j - a +1 cloak (worn)
 r - a +0 ring mail (worn)
 A - a +0 pair of boots (worn)
Jewellery
 e - a ring of willpower (left hand)
 f - an amulet of reflection (around neck)
 i - a ring of willpower
 m - a +4 ring of evasion (right hand)
 p - a ring of ice
Wands
 a - a wand of flame (16)
 s - a wand of mindburst (7)
 v - a wand of polymorph (6)
 w - a wand of iceblast (14)
Scrolls
 b - a scroll of torment
 d - a scroll of magic mapping
 l - 2 scrolls of vulnerability
 q - a scroll of enchant armour
 t - 3 scrolls of fog
 x - a scroll of holy word
 y - a scroll of teleportation
 z - 2 scrolls of identify
Potions
 k - a potion of flight
 o - 2 potions of curing
 u - a potion of magic


   Skills:
 - Level 3.0 Fighting
 * Level 10.7 Axes
 * Level 8.1 Throwing
 - Level 1.7 Armour
 - Level 1.7 Dodging


You had 9 spell levels left.
You didn't know any spells.
Your spell library contained the following spells:

 Spells                   Type           Power      Damage    Failure   Level
 Animate Skeleton         Necr           0%         N/A       47%         1
 Pain                     Necr           0%         1d4       47%         1
 Slow                     Hex            0%         N/A       47%         1
 Blink                    Tloc           0%         N/A       63%         2
 Confusing Touch          Hex            0%         N/A       85%         3
 Lesser Beckoning         Tloc           0%         N/A       85%         3
 Vampiric Draining        Necr           0%         2d6       85%         3
 Hailstorm                Conj/Ice       0%         3d3       99%         4
 Ice Form                 Ice/Tmut       0%         N/A       99%         4
 Manifold Assault         Tloc           0%         N/A       100%        5
 Yara's Violent Unravell  Hex/Tmut       0%         3d3       100%        5
 Simulacrum               Ice/Necr       0%         N/A       100%        6
 Enfeeble                 Hex            0%         N/A       100%        7


Dungeon Overview and Level Annotations

Branches:
Dungeon (8/15)             Temple (0/1) D:4
   Lair: D:8-11

Altars:
Nemelex Xobeh
Vehumet
Wu Jian


Innate Abilities, Weirdness & Mutations

You have a pair of large antennae on your head. (SInv)
You are partially covered in yellow scales. (AC +2)
You regenerate health from kills.
Spells you cast may paralyse adjacent enemies.


Message History

No target in view!
No target in view!
No target in view!
There is an open door here.
t - 3 scrolls of fog (gained 1)
There is an ornate altar of the Wu Jian Council here.
There is an open door here.
You sense a monster nearby.
A hornet zombie comes into view.
Found a book of Vapours.
A scorpion comes into view.
There are monsters nearby!
The scorpion barely misses you.
You closely miss the scorpion. The scorpion misses you.
You closely miss the scorpion.
The orc warrior shouts!
You hear an angry hiss.
The scorpion stings you.
You slash the scorpion!
The scorpion is heavily wounded.
The scorpion stings you.
An orc comes into view. It is wielding a +0 whip.
An orc comes into view. It is wielding a +0 dagger.
A centaur comes into view.
It is wielding the +8 spear of Pandemonium {pain, Str+6 Dex+3} and carrying a wand of acid (12).
The scorpion stings you.
Okay, then.
Okay, then.
The orc shouts!
You slash the scorpion!
The scorpion is almost dead.
You hear a shout!
The scorpion barely misses you.
You hear a bellow!
You slice the scorpion!!
You kill the scorpion!
Trog accepts your kill.
You hear an angry hiss. x2
You have reached level 10!
Your demonic ancestry asserts itself...
A menacing aura infuses your magic.
Are you sure you want to abandon this character and quit the game? (Confirm with "yes".)

#.... #.##. #.##. #>##.
#.... #..#.
###########....
PP##########..............
..:.oc.oZ@...#########....
.....######### #..#. ...
#..<. o ##.## { #.# #.##
{{ #..# #... #...


You could see an orc warrior, a centaur, an orc and a hornet zombie.

Vanquished Creatures
  Pikel (D:6)
  The ghost of Clumpoid the Shield-Bearer, an amateur GnFi (D:4)
  Sigmund (D:6)
  Menkaure (D:4)
  Edmund (D:4)
  2 water moccasins
  An ice beast (D:6)
  3 orc warriors
  3 black bears
  A sky beast (D:5)
  5 ogres
  A centaur (D:6)
  3 lemures (D:6)
  A phantom (D:5)
  3 bullfrogs
  4 scorpions
  A wyvern skeleton (D:6)
  3 wights (D:8)
  2 howler monkeys
  2 hounds
  2 orc priests
  A bullfrog skeleton (D:6)
  2 iguanas (D:5)
  Terence (D:2)
  3 orc wizards
  Ijyb (D:3)
  A scorpion zombie (D:5)
  8 gnolls
  8 adders
  A white imp (D:5)
  An ufetubus (D:5)
  3 worms (D:2)
  2 dart slugs (D:2)
  22 orcs
  9 ball pythons
  3 endoplasms
  3 giant cockroaches
  6 goblins
  4 hobgoblins
  7 jackals
  4 quokkas
  3 bats
  6 frilled lizards
  6 kobolds
  7 rats
154 creatures vanquished.

Vanquished Creatures (others)
  A bush (D:8)
  5 fungi (D:8)
  24 plants (D:8)
30 creatures vanquished.

Grand Total: 184 creatures vanquished

Notes
Turn   | Place    | Note
-------+----------+-------------------------------------------
     0 | D:1      | knot the Demonspawn Berserker began the quest for the Orb.
     0 | D:1      | Reached XP level 1. HP: 18/18 MP: 1/1
   225 | D:1      | Found a faded altar of an unknown god.
   301 | D:1      | Reached skill level 3 in Axes
   563 | D:1      | Gained mutation: You regenerate a little health from kills.
                  | [demonic ancestry]
   563 | D:1      | Reached XP level 2. HP: 16/24 MP: 2/2
  1143 | D:2      | Noticed Terence
  1152 | D:2      | Killed Terence
  1153 | D:2      | Reached skill level 4 in Axes
  1153 | D:2      | Gained mutation: You have a pair of small antennae on your
                  | head. [demonic ancestry]
  1153 | D:2      | Reached XP level 3. HP: 29/29 MP: 3/3
  1683 | D:2      | Gained mutation: You have a pair of antennae on your head.
                  | [demonic ancestry]
  1683 | D:2      | Reached XP level 4. HP: 34/35 MP: 4/4
  2112 | D:2      | Reached ** piety under Trog
  2543 | D:3      | Reached skill level 5 in Axes
  2805 | D:3      | Reached XP level 5. HP: 21/41 MP: 5/5
  3377 | D:3      | Noticed Ijyb
  3397 | D:3      | Killed Ijyb
  4138 | D:4      | Noticed an ogre
  4138 | D:4      | Noticed an orc warrior
  4159 | D:3      | Killed an ogre
  4160 | D:3      | Reached skill level 6 in Axes
  4160 | D:3      | Gained mutation: You are partially covered in yellow
                  | scales. (AC +2) [demonic ancestry]
  4160 | D:3      | Reached XP level 6. HP: 47/47 MP: 6/6
  4226 | D:4      | Killed an orc warrior
  4429 | D:4      | Reached skill level 1 in Throwing
  4520 | D:4      | Found a staircase to the Ecumenical Temple.
  4523 | D:4      | Noticed Edmund
  4528 | D:4      | Killed Edmund
  4529 | D:4      | Reached skill level 7 in Axes
  4529 | D:4      | Gained mutation: You regenerate health from kills. [demonic
                  | ancestry]
  4529 | D:4      | Reached XP level 7. HP: 52/52 MP: 7/7
  4641 | D:4      | Found a runed translucent door.
  5263 | D:4      | Noticed Menkaure
  5271 | D:4      | Killed Menkaure
  5856 | D:4      | Noticed Clumpoid's ghost (amateur GnFi)
  5869 | D:4      | Killed Clumpoid's ghost
  5870 | D:4      | Reached skill level 8 in Axes
  5870 | D:4      | Gained mutation: You have a pair of large antennae on your
                  | head. (SInv) [demonic ancestry]
  5870 | D:4      | Reached XP level 8. HP: 58/58 MP: 8/8
  6030 | D:5      | Entered Level 5 of the Dungeon
  6127 | D:5      | Reached skill level 5 in Throwing
  6240 | D:5      | Reached skill level 9 in Axes
  6984 | D:6      | Reached XP level 9. HP: 63/63 MP: 9/9
  7433 | D:6      | Noticed Sigmund
  7447 | D:6      | Killed Sigmund
  7544 | D:6      | Noticed Pikel
  7561 | D:6      | Killed Pikel
  7562 | D:6      | Reached skill level 10 in Axes
  9288 | D:8      | Found a sparkling altar of Nemelex Xobeh.
  9387 | D:8      | Found a radiant altar of Vehumet.
  9387 | D:8      | Found an ornate altar of the Wu Jian Council.
  9423 | D:8      | Identified the +8 spear of Pandemonium {pain, Str+6 Dex+3}
  9428 | D:8      | Gained mutation: Spells you cast may paralyse adjacent
                  | enemies. [demonic ancestry]
  9428 | D:8      | Reached XP level 10. HP: 61/70 MP: 10/10
  9428 | D:8      | Quit the game

Illustrated notes

Levels and vault maps discovered:
D:1:      lightli_arrival_windingriver, layout_basic,
          hellmonk_ecumenical_altar_leap_of_faith
D:2:      layout_loops_ring, uniq_terence
D:3:      layout_loops_ring, eino_curves_03, uniq_ijyb
D:4:      layout_basic, minmay_temple_entry_junction,
          ebering_ghost_reflecting_pool, minmay_pentomino_pile, uniq_edmund,
          uniq_menkaure
D:5:      minmay_spotlight, layout_rooms
D:6:      layout_basic, uniq_pikel, uniq_sigmund
D:7:      layout_loops_ring, nrook_loot_triangle
D:8:      layout_loops_ring, nemelex_xobeh_ov_fountains_minmay,
          gammafunk_temple_overflow_statue, minmay_lair_entry_grove

Skill      XL: |  1  2  3  4  5  6  7  8  9 |
---------------+----------------------------+-----
Axes           | 3 4 5 6 7 8 9 10 | 10.7
Throwing       | 1 4 6 8 |  8.1
Fighting       | |  3.0
Armour         | |  1.7
Dodging        | |  1.7

Action                   |  1- 3 |  4- 6 |  7- 9 | 10-12 || total
-------------------------+-------+-------+-------+-------++-------
Melee: Hand axe          |    97 |    76 |       |       ||   173
       Punch             |     1 |     1 |       |       ||     2
       War axe           |       |    51 |       |       ||    51
       Battleaxe         |       |    12 |   283 |       ||   295
Throw: Boomerang         |       |     1 |       |       ||     1
Invok: Berserk           |     5 |     7 |    12 |       ||    24
       Trog's Hand       |       |     1 |       |       ||     1
  Use: Scroll            |       |     7 |     4 |       ||    11
       Potion            |       |       |     7 |       ||     7
Armor: Animal skin       |    16 |     7 |       |       ||    23
       Ring mail         |       |    18 |   101 |       ||   119
Dodge: Dodged            |    58 |    68 |   172 |       ||   298
Block: Other             |    13 |    28 |    71 |       ||   112
       Reflection        |     2 |       |     1 |       ||     3

Table legend: (Time is in decaauts)
 A = Elapsed time spent in this place.
 B = Non-inter-level travel time spent in this place.
 C = Inter-level travel time spent in this place.
 D = Time resting spent in this place.
 E = Time spent auto-exploring this place.
 F = Levels seen in this place.
 G = Mean time per level.
                   A        B        C        D        E       F      G
               +--------+--------+--------+--------+--------+-----+--------+
         Total |   9738 |   9409 |    329 |   3408 |   4792 |   8 | 1217.2 |
       Dungeon |   9738 |   9409 |    329 |   3408 |   4792 |   8 | 1217.2 |
               +--------+--------+--------+--------+--------+-----+--------+

Top non-repeatable levels by time:
     D:4: 1837 daAuts
     D:3: 1646 daAuts
     D:2: 1535 daAuts
     D:6: 1470 daAuts
     D:7: 1249 daAuts
     D:1: 1189 daAuts
     D:5: 520 daAuts
     D:8: 289 daAuts
